 Dungeon Crawl Stone Soup version 0.25-a0-1133-g93ebf739aa (webtiles) character file.

Game seed: 4264515816205190154, levelgen mode: deterministic

581 Pretor the Cleaver (level 7, -5/58 HPs)
             Began as a Hill Orc Fighter on May 21, 2020.
             Slain by a killer bee (7 damage)
             ... on level 7 of the Dungeon.
             The game lasted 00:46:50 (4311 turns).

Pretor the Cleaver (Hill Orc Fighter)               Turns: 4311, Time: 00:46:50

Health: -5/58      AC:  6    Str: 21    XL:     7   Next: 36%
Magic:  7/7        EV:  8    Int:  8    God:
Gold:   253        SH:  9    Dex: 10    Spells: 6/6 levels left

rFire    . . .     SeeInvis .   a - +0 war axe
rCold    . . .     Gourm    .   c - +0 kite shield
rNeg     . . .     Faith    .   b - +0 scale mail
rPois    .         Spirit   .   (no helmet)
rElec    .         Reflect  .   (no cloak)
rCorr    .         Harm     .   (no gloves)
MR       .....                  (no boots)
Stlth    ..........             (no amulet)
HPRegen  0.19/turn              (no ring)
MPRegen  0.10/turn              (no ring)

@: lethally poisoned (-5 -> -9)
A: no striking features
a: no special abilities


You were on level 7 of the Dungeon.
You were not hungry.

You visited 1 branch of the dungeon, and saw 6 of its levels.

You collected 253 gold pieces.

Inventory:

Hand Weapons
 a - a +0 war axe (weapon)
 v - a +0 hunting sling
 B - a +0 hand crossbow
Missiles
 e - 6 atropa-tipped darts (quivered)
 m - 68 bolts
 n - 68 stones
 p - 33 sling bullets
 F - 34 arrows
Armour
 b - a +0 scale mail (worn)
 c - a +0 kite shield (worn)
 E - a +0 chain mail
Wands
 r - a wand of iceblast (6)
 w - a wand of random effects (11)
Scrolls
 g - 5 scrolls of identify
 h - a scroll of blinking {unknown}
 i - a scroll of fog {unknown}
 j - 3 scrolls of magic mapping {unknown}
 k - a scroll of enchant armour {unknown}
 o - 6 scrolls of remove curse {unknown}
 s - a scroll of teleportation {unknown}
 x - a scroll of noise {unknown}
 y - a scroll of fear {unknown}
 G - a scroll of enchant weapon {unknown}
Potions
 d - 2 potions of might
 l - a potion of brilliance
 q - a potion of haste {unknown}
 t - 2 potions of resistance {unknown}
 u - a potion of invisibility {unknown}
 z - a potion of flight {unknown}
 A - a potion of magic {unknown}
 C - 2 potions of cancellation {unknown}
Comestibles
 f - 5 rations
 D - 6 chunks of flesh


   Skills:
 - Level 3.7 Fighting
 + Level 9.4 Axes
 - Level 3.4 Armour
 + Level 2.0 Dodging
 + Level 0.3 Stealth
 - Level 3.3 Shields


You had 6 spell levels left.
You didn't know any spells.
Your spell library was empty.

Dungeon Overview and Level Annotations

Branches:
Dungeon (5/15)
 Temple: D:4-7

Altars:
Ashenzari
Dithmenos
Hepliaklqana
Yredelemnul


Message History

The killer bee is heavily wounded.
You feel sick. You block the killer bee's attack. The killer bee stings you.
* * * LOW HITPOINT WARNING * * *
You are more poisoned.
The killer bee poisons you!
You feel sick. You block the killer bee's attack.
You feel sick.
The killer bee stings you but does no damage.
You block the killer bee's attack.
You feel sick. The killer bee stings you!
* * * LOW HITPOINT WARNING * * *
You block the killer bee's attack.
* * * LOW HITPOINT WARNING * * *
You feel sick. You block the killer bee's attack.
As you read the scroll labeled KELURE EFFOIN, it crumbles to dust.
It is a scroll of identify.
l - a potion of brilliance
* * * LOW HITPOINT WARNING * * *
You feel sick. The killer bee stings you!
You die...

#.###..###########...#
#.# #...............#
#.# ##.########.#####
#.####.# #.# #.##...#
#.# #.##.### #.#
#.##.####### #.#
#.......# #.# ####
#######.####@####...#
####...yo.....#
###.###....#
≈###.##.#.##
........#.# .....##.#
# .....##.# ≈.. .##.#
o. ..#..


You could see a killer bee and an orc wizard (fast).

Vanquished Creatures
  A bullfrog (D:7)
  A scorpion (D:5)
  2 centaur skeletons (D:4)
  An orc priest (D:4)
  A hound (D:4)
  An iguana (D:3)
  Ijyb (D:3)
  2 orc wizards (D:4)
  2 worker ants (D:4)
  A hound skeleton (D:4)
  A gnoll (D:1)
  5 adders
  6 worms
  2 dart slugs (D:1)
  A leopard gecko (D:1)
  14 orcs
  6 giant cockroaches
  5 goblins
  6 hobgoblins
  9 jackals
  10 kobolds
  A quokka (D:3)
  10 bats
  6 frilled lizards
  A leopard gecko skeleton (D:4)
  20 rats
116 creatures vanquished.

Notes
Turn   | Place    | Note
-------+----------+-------------------------------------------
     0 | D:1      | Pretor the Hill Orc Fighter began the quest for the Orb.
     0 | D:1      | Reached XP level 1. HP: 19/19 MP: 1/1
    95 | D:1      | Reached skill level 3 in Axes
   111 | D:1      | Reached XP level 2. HP: 25/27 MP: 2/2
   183 | D:1      | Reached skill level 4 in Axes
   183 | D:1      | Reached XP level 3. HP: 17/33 MP: 3/3
   992 | D:2      | Reached skill level 5 in Axes
  1033 | D:2      | Reached XP level 4. HP: 35/40 MP: 4/4
  1089 | D:2      | Found a basalt altar of Yredelemnul.
  1530 | D:2      | Found a hazy altar of Hepliaklqana.
  1564 | D:2      | Found a shadowy altar of Dithmenos.
  2265 | D:3      | Reached skill level 6 in Axes
  2298 | D:3      | Reached XP level 5. HP: 46/46 MP: 5/5
  2443 | D:3      | Noticed Ijyb
  2458 | D:3      | Killed Ijyb
  2458 | D:3      | Reached skill level 1 in Dodging
  2734 | D:3      | Reached skill level 7 in Axes
  2946 | D:4      | Reached XP level 6. HP: 6/52 MP: 6/6
  3509 | D:4      | Reached skill level 8 in Axes
  3581 | D:4      | Found a shattered altar of Ashenzari.
  3858 | D:4      | Reached XP level 7. HP: 54/58 MP: 7/7
  4096 | D:5      | Entered Level 5 of the Dungeon
  4146 | D:5      | Reached skill level 9 in Axes
  4200 | D:5      | You fall into a shaft and drop 2 floors!
  4311 | D:7      | HP: 2/58 [poisoned by a killer bee]
  4311 | D:7      | Slain by a killer bee

Illustrated notes

Levels and vault maps discovered:
D:1:      wheals_arrival_shading, layout_basic, minmay_circled_x
D:2:      layout_basic, yredelemnul_altar_generic, lemuel_doored_altar,
          grunt_dithmenos_smoke
D:3:      layout_rooms, uniq_ijyb
D:4:      layout_loops_ring, kennysheep_little_box, first_ration
D:5:      layout_basic, gammafunk_ghost_arena
D:7:      cheibrodos_helix_gallery, layout_loops_ring, fedhas_altar_fruit_tree,
          minmay_temple_entry_nine_rooms

Skill      XL: |  1  2  3  4  5  6  7 |
---------------+----------------------+-----
Axes           | 3 4 5 6 7 8 9 |  9.4
Dodging        | 1 2 |  2.0
Fighting       | |  3.7
Armour         | |  3.4
Stealth        | |  0.3
Shields        | |  3.3

Action                   |  1- 3 |  4- 6 |  7- 9 || total
-------------------------+-------+-------+-------++-------
Melee: War axe           |   113 |   244 |    52 ||   409
  Use: Scroll            |       |       |     1 ||     1
  Eat: Chunk             |     1 |     7 |       ||     8
       Ration            |       |     1 |       ||     1
Armor: Scale mail        |    46 |    90 |    16 ||   152
Dodge: Dodged            |    38 |    69 |    25 ||   132
Block: Kite shield       |    61 |   105 |    25 ||   191

Table legend:
 A = Non-vault XP
 B = Vault XP
 C = Vault XP percentage of total XP
 D = Non-vault monster count
 E = Vault monster count
 F = Vault count percentage of total count
                 A         B        C        D         E       F
            +---------+---------+-------+---------+---------+-------
      Total |     789 |      41 |   4.9 |     111 |       5 |   4.3
            +---------+---------+-------+---------+---------+-------
        D:1 |      57 |       5 |   8.1 |      24 |       4 |  14.3
        D:2 |      64 |       0 |   0.0 |      32 |       0 |   0.0
        D:3 |     122 |      36 |  22.8 |      25 |       1 |   3.8
        D:4 |     375 |       0 |   0.0 |      22 |       0 |   0.0
        D:5 |      79 |       0 |   0.0 |       6 |       0 |   0.0
        D:7 |      92 |       0 |   0.0 |       2 |       0 |   0.0
            +---------+---------+-------+---------+---------+-------
